 Dungeon Crawl Stone Soup version 0.30-a0-1160-g6e42c06551 (webtiles) character file.

Game seed: 2914601293581854127

14322 Sobieck the Covert (level 12, -10/64 (70) HPs)
             Began as a Vine Stalker Fighter on Apr 25, 2023.
             Was a Follower of Wu Jian.
             Mangled by Josephine
             ... wielding a +1 dagger of flaming
              (11 damage)
             ... on level 11 of the Dungeon.
             The game lasted 00:23:03 (9536 turns).

Sobieck the Covert (Vine Stalker Fighter)           Turns: 9536, Time: 00:23:04

HP:   -10/64 (70)   AC:  6    Str: 20    XL:     12   Next: 15%
MP:   0/22          EV: 15    Int:  8    God:    Wu Jian [*.....]
Gold: 533           SH:  6    Dex: 18    Spells: 11/11 levels left

rFire   . . .        a - +2 dagger (elec) {short}
rCold   . . .        c - +0 buckler
rNeg    . . .        g - +0 troll leather armour
rPois   .            H - +0 helmet
rElec   .            n - scarf {shadows}
rCorr   .            f - +0 pair of gloves
SInv    .            (no boots)
Will    ++...        (no amulet)
Stlth   +++++        z - ring of magical power
HPRegen 1.90/turn    Z - ring of willpower
MPRegen 0.18/turn

%: guardian spirit
@: hasted and slowed, studying Fighting, drained
A: fangs 3, regeneration 1, magic shield, antimagic bite, no potion heal 2
a: Renounce Religion


You were on level 11 of the Dungeon.
You worshipped Wu Jian.
Wu Jian was aware of your devotion.
You visited 2 branches of the dungeon, and saw 12 of its levels.
You also visited: Sewer.

You collected 641 gold pieces.
You spent 108 gold pieces at shops.


Innate Abilities, Weirdness & Mutations

You have razor-sharp teeth.
Your natural rate of healing is unusually fast.
When hurt, damage is shared between your health and your magic reserves.
Your bite disrupts and absorbs the magic of your enemies.
Potions cannot restore your health.


   Skills:
 + Level 11.3 Fighting
 - Level 10.0 Short Blades
 - Level 2.4 Armour
 + Level 6.9 Dodging
 + Level 12.3 Stealth
 - Level 7.1 Shields


You had 11 spell levels left.
You didn't know any spells.
Your spell library contained the following spells:

 Spells                   Type           Power      Damage    Failure   Level
 Kiss of Death            Conj/Necr      0%         2d5       52%         1
 Magic Dart               Conj           0%         1d3       52%         1
 Shock                    Conj/Air       0%         1d3       52%         1
 Summon Small Mammal      Summ           0%         N/A       52%         1
 Call Imp                 Summ           0%         N/A       67%         2
 Cigotuvi's Dreadful Rot  Necr/Pois/Air  0%         N/A       67%         2
 Call Canine Familiar     Summ           0%         N/A       88%         3
 Confusing Touch          Hex            0%         N/A       88%         3
 Mephitic Cloud           Conj/Pois/Air  0%         N/A       88%         3
 Summon Guardian Golem    Hex/Summ       0%         N/A       88%         3
 Swiftness                Air            0%         N/A       88%         3
 Airstrike                Air            0%         2d(0-16)  99%         4
 Dispel Undead            Necr           0%         3d6       99%         4
 Death Channel            Necr           0%         N/A       100%        6
 Simulacrum               Ice/Necr       0%         N/A       100%        6
 Ozocubu's Refrigeration  Ice            0%         4d7       100%        7
 Polar Vortex             Ice            0%         N/A       100%        9

Inventory:

Hand Weapons
 a - a +2 dagger of electrocution (weapon) {short}
   (You took it off an orc wizard on level 7 of the Dungeon)
 o - a +5 dagger of freezing {short}
   (You took it off an orc on level 3 of the Dungeon)
 y - a +1 short sword of distortion {!wshort}
   (You took it off Sonja on level 10 of the Dungeon)
 U - the +8 falchion "Death Rattle" {elec, rN+, long}
   (You found it on level 7 of the Dungeon)

   rN:        It protects you from negative energy.
Missiles
 i - 70 stones (quivered) {throwing}
 w - 4 boomerangs {throwing}
 B - 2 curare-tipped darts {=fthrowing}
 D - 17 poisoned darts {throwing}
 V - a boomerang of dispersal {=f!fthrowing}
Armour
 c - a +0 buckler (worn)
 f - a +0 pair of gloves (worn)
   (You found it on level 1 of the Dungeon)
 g - a +0 troll leather armour (worn)
   (You found it on level 9 of the Dungeon)
 n - a scarf of shadows (worn)
   (You found it on level 1 of the Dungeon)
 C - a +0 robe
   (You found it on level 3 of the Dungeon)
 H - a +0 helmet (worn)
   (You found it on level 10 of the Dungeon)
 K - a +0 leather armour
   (You found it on level 3 of the Dungeon)
 L - a +0 robe
   (You found it on level 3 of the Dungeon)
 O - a +0 ring mail
   (You found it on level 4 of the Dungeon)
 P - a +0 chain mail
   (You took it off an orc on level 5 of the Dungeon)
 Q - a +0 leather armour
   (You took it off an orc on level 5 of the Dungeon)
 S - a +0 chain mail
   (You found it on level 5 of the Dungeon)
 X - a +0 ring mail
   (You took it off an orc on level 6 of the Dungeon)
 Y - a +0 ring mail
   (You found it on level 6 of the Dungeon)
Jewellery
 e - the ring "Reagum" {Ice rPois Int-3 Dex+4 SInv}
   (You acquired it on level 4 of the Dungeon)

   [ring of ice]

   It enhances your ice magic.
   Int:       It affects your intelligence (-3).
   Dex:       It affects your dexterity (+4).
   rF:        It makes you vulnerable to fire.
   rC:        It protects you from cold.
   rPois:     It protects you from poison.
   SInv:      It lets you see invisible.
 z - a ring of magical power (left hand)
   (You found it on level 9 of the Dungeon)
 Z - a ring of willpower (right hand)
   (You found it on level 6 of the Dungeon)
Wands
 k - a wand of paralysis (5)
   (You found it on level 9 of the Dungeon)
 q - a wand of polymorph (6)
   (You found it on level 9 of the Dungeon)
 s - a wand of iceblast (6)
   (You took it off Maggie on level 8 of the Dungeon)
 x - a wand of digging (4)
   (You found it on level 8 of the Dungeon)
 I - a wand of mindburst (17)
   (You found it on level 3 of the Dungeon)
 J - a wand of quicksilver (5)
   (You found it on level 11 of the Dungeon)
Scrolls
 j - 2 scrolls of enchant armour
 l - a scroll of magic mapping {!r}
 m - 4 scrolls of teleportation {@r4}
 p - 7 scrolls of fog
 A - a scroll of fear
 F - 2 scrolls of immolation {!r!r}
 M - a scroll of poison {!r}
 W - a scroll of blinking {!r}
Potions
 b - a potion of invisibility {unknown}
 d - a potion of might
 h - 3 potions of attraction {!q}
 r - 6 potions of brilliance
 t - 5 potions of heal wounds {@q2}
 u - a potion of mutation {!q}
 v - a potion of flight
 E - 5 potions of lignification {!q}
 G - 4 potions of curing {@q1}
 N - 2 potions of resistance
 R - 2 potions of haste {@q3}
 T - a potion of magic

Dungeon Overview and Level Annotations

Branches:
Dungeon (11/15) Zot: 26941  Temple (1/1) D:6 Zot: 5998   Sewer (visited)
   Lair: D:8-11         Orc: D:9-12

Altars:
Ashenzari
Cheibriados
Dithmenos
Elyvilon
Fedhas
Gozag
Hepliaklqana
Kikubaaqudgha
Makhleb
Nemelex Xobeh
Okawaru
Qazlal
Ru
Sif Muna
Trog
Uskayaw
Vehumet
Wu Jian
Xom
Yredelemnul
Zin
The Shining One

Shops:
D:1 *   D:6 *   D:9 *

Annotations:
D:5 2 transporters, cheesebisquit's ghost, novice HOMo
D:7 5 runed translucent doors
D:11 Josephine

#################
..WWW@@..........
##########.......
#....... #.......
###########.......
..................
.......###########
#####..# #..#


You could see Josephine (strong, magic disrupted) and 3 wraiths.


Message History

Where to? (Enter - D:10, ? - help)
There is a stone staircase leading down here.
You climb downwards.
There is a stone staircase leading up here.
Unknown command.
Unknown command.
Found a stone staircase leading down.
Unknown command.
J - a wand of quicksilver (5) Unknown command.
A wraith comes into view.
Danger!
A wraith comes into view.
Josephine the Decaying Necromancer comes into view.
She is wielding a +1 dagger of flaming and wearing a +2 robe of the Archmagi.
A wraith comes into view.
You lunge at the wraith, in a flurry of attacks.
You puncture the wraith! Your bite misses the wraith.
You closely miss the wraith. You bite the wraith! You drain its power.
Josephine shouts!
The wraith closely misses you.
You hit the wraith but do no damage. Your bite misses the wraith.
You barely miss the wraith. You bite the wraith, but do no damage.
The wraith barely misses you.
You puncture the wraith! Your bite misses the wraith.
You barely miss the wraith. The wraith barely misses you.
You completely miss the wraith. You bite the wraith, but do no damage.
You hit the wraith but do no damage. Your bite misses the wraith.
A wraith comes into view.
The wraith barely misses you.
You closely miss the wraith. You bite the wraith, but do no damage.
You hit the wraith but do no damage. You bite the wraith, but do no damage.
A wraith comes into view.
The wraith completely misses you.
You hit the wraith. You hit the wraith. You bite the wraith!
You destroy the wraith!
The Council accepts your kill. Josephine casts a spell at you.
The ghostly flame explodes!
The ghostly fireball engulfs the wraith.
The wraith completely resists.
The ghostly fireball engulfs you!!!
You feel drained.
You are too injured to fight recklessly!
You are too injured to fight recklessly!
You are too injured to fight recklessly!
Unknown command.
You hit the wraith but do no damage. Your bite misses the wraith.
You barely miss the wraith. You bite the wraith. You drain its power.
You feel invigorated. The wraith misses you.
Unknown command.
You hit the wraith but do no damage. You hit the wraith but do no damage.
Lightning courses through the wraith! The wraith hits you.
The wraith drains your vigour!
You feel yourself slow down.
You hit the wraith. You bite the wraith, but do no damage. The wraith hits you!
The wraith drains your vigour!
You feel as though you will be slow longer.
Unknown command.
You hit the wraith but do no damage. Lightning courses through the wraith!
The wraith closely misses you.
Unknown command.
You hit the wraith but do no damage. Your bite misses the wraith.
The wraith misses you.
Josephine drinks a potion.
Josephine seems to grow stronger.
You hit the wraith. You bite the wraith, but do no damage.
Unknown command.
You hit the wraith. Lightning courses through the wraith!!
You destroy the wraith!
The Council accepts your kill.
Unknown command.
You completely miss Josephine.
Josephine points at you and mumbles some strange words.
The ghostly flame explodes!
The ghostly fireball engulfs you!!
You feel drained.
* * * LOW HITPOINT WARNING * * *
The ghostly fireball engulfs Josephine.
Josephine completely resists.
You hit Josephine but do no damage.
Josephine hits you with a +1 dagger of flaming.
* * * LOW HITPOINT WARNING * * *
Josephine burns you.
* * * LOW HITPOINT WARNING * * *
You hit Josephine. Lightning courses through Josephine! You bite Josephine.
Josephine's magic leaks into the air.
You drain her magic.
You feel invigorated.
Unknown command.
You closely miss Josephine.
Josephine hits you with a +1 dagger of flaming!
* * * LOW HITPOINT WARNING * * *
Josephine burns you!
* * * LOW HITPOINT WARNING * * *
Unknown command.
Unknown command.
You feel yourself speed up.
Josephine hits you with a +1 dagger of flaming.
* * * LOW HITPOINT WARNING * * *
Josephine burns you.
* * * LOW HITPOINT WARNING * * *
Josephine hits you with a +1 dagger of flaming!
You die...

Skill      XL: |  1  2  3  4  5  6  7  8  9 10 11 |
---------------+----------------------------------+-----
Short Blades   | 2 3 4 5 6 9 10 | 10.0
Stealth        | 1 3 7 9 10 12 | 12.3
Fighting       | 3 7 8 9 11 | 11.3
Dodging        | 1 2 4 5 6 |  6.9
Shields        | 3 7 |  7.1
Armour         | |  2.4

Action                     |  1- 3 |  4- 6 |  7- 9 | 10-12 || total
---------------------------+-------+-------+-------+-------++-------
  Melee: Rapier            |   105 |    49 |       |       ||   154
         Bite              |    27 |    42 |    32 |   173 ||   274
         Dagger            |       |   101 |   112 |   442 ||   655
  Throw: Dart              |       |     4 |     7 |       ||    11
         Stone             |       |       |    19 |     2 ||    21
Ability: Lunge             |       |       |       |    16 ||    16
         Whirlwind         |       |       |       |     2 ||     2
  Evoke: Wand              |       |       |     2 |       ||     2
    Use: Scroll            |       |    17 |     4 |     9 ||    30
         Potion            |       |       |     3 |     2 ||     5
   Stab: Sleeping          |       |       |       |    12 ||    12
         Distracted        |       |       |       |     1 ||     1
 Armour: Scale mail        |    38 |    43 |    30 |    34 ||   145
         Troll leather arm |       |       |       |     4 ||     4
  Dodge: Dodged            |    53 |    46 |    41 |   135 ||   275
  Block: Buckler           |    14 |    27 |    13 |    87 ||   141

Levels and vault maps discovered:
D:1:      kennysheep_arrival_seaside, layout_loops_ring, serial_shops, shop,
          minmay_misc_feat_room
D:2:      layout_loops_ring
D:3:      layout_basic, mainiacjoe_overflow_large_starburst,
          dreamdust_ecumenical_altar_hidden_monk_grotto
D:4:      layout_cave_pools
D:5:      layout_basic, mainiacjoe_overflow_concentric_impassable,
          mainiacjoe_overflow_alcove_2, gammafunk_ghost_smash
D:6:      layout_basic, general_overflow_altar, mainiacjoe_overflow_catwalk,
          minmay_temple_entry_grid, serial_shops, shop, gup_sewer_entry_glass,
          uniq_menkaure
D:7:      layout_cave_pods, elyvilon_altar_1,
          minmay_guarded_unrand_staff_of_olgreb
D:8:      layout_loops_corners, nicolae_overflow_hidden_temple,
          mainiacjoe_overflow_swirl, pf_guarded_unrand_meek, uniq_maggie
D:9:      layout_roguey, nicolae_sif_muna_little_library, serial_bayou_pond_d,
          minmay_shop_mass, chequers_serial_rivers_micro_e, minivault_20
D:10:     layout_basic, uniq_sonja
D:11:     layout_long_grid, dpeg_lair_monsters, orc_0_dummy,
          nicolae_trove_entry_diagonal, uniq_snorg, uniq_josephine,
          uniq_nergalle
Temple:   minmay_freezing_vapour_temple

Notes
Turn   | Place    | Note
-------+----------+-------------------------------------------
     0 | D:1      | Sobieck the Vine Stalker Fighter began the quest for the
                  | Orb.
     0 | D:1      | Reached XP level 1. HP: 11/11 MP: 2/2
    51 | D:1      | Reached skill level 2 in Short Blades
   121 | D:1      | Reached XP level 2. HP: 12/16 MP: 3/3
   148 | D:1      | Found Odahuc's Assorted Antiques.
   554 | D:1      | Reached skill level 3 in Short Blades
   958 | D:2      | Reached XP level 3. HP: 14/19 MP: 4/4
  1118 | D:2      | You pick up a book of Decay and begin reading...
  1118 | D:2      | You add the spells Cigotuvi's Dreadful Rot, Dispel Undead
                  | and Death Channel to your library.
  1182 | D:2      | You pick up a book of Touch and begin reading...
  1182 | D:2      | You add the spells Kiss of Death and Confusing Touch to
                  | your library.
  1323 | D:2      | Gained mutation: Your natural rate of healing is unusually
                  | fast. [Vine Stalker growth]
  1323 | D:2      | Reached XP level 4. HP: 14/23 MP: 3/5
  1801 | D:3      | Found a sacrificial altar of Ru.
  1831 | D:3      | Found a glowing golden altar of the Shining One.
  1929 | D:3      | Reached skill level 4 in Short Blades
  2497 | D:3      | Found a faded altar of an unknown god.
  2708 | D:4      | Reached XP level 5. HP: 27/27 MP: 6/6
  2812 | D:4      | Reached skill level 5 in Short Blades
  2826 | D:4      | Noticed a phantom
  2868 | D:4      | Killed a phantom
  2869 | D:4      | Reached XP level 6. HP: 32/32 MP: 7/7
  2934 | D:4      | Reached skill level 6 in Short Blades
  3004 | D:4      | You pick up a book of Callings and begin reading...
  3004 | D:4      | You add the spells Summon Small Mammal, Call Canine
                  | Familiar and Summon Guardian Golem to your library.
  3168 | D:4      | Reached skill level 1 in Stealth
  3286 | D:5      | Entered Level 5 of the Dungeon
  3303 | D:4      | Identified a scroll of acquirement
  3303 | D:4      | Acquired the ring "Reagum" {Ice rPois Int-3 Dex+4 SInv}
  3368 | D:5      | Reached XP level 7. HP: 29/35 MP: 6/8
  3379 | D:5      | Reached skill level 3 in Fighting
  3379 | D:5      | Reached skill level 1 in Dodging
  3379 | D:5      | Reached skill level 3 in Shields
  3405 | D:5      | Found an iron altar of Okawaru.
  3458 | D:5      | Reached skill level 2 in Stealth
  3907 | D:5      | Found a transporter.
  3908 | D:5      | Noticed cheesebisquit's ghost (novice HOMo)
  4058 | D:5      | Found a shadowy altar of Dithmenos.
  4114 | D:5      | Reached skill level 3 in Stealth
  4114 | D:5      | Gained mutation: You have razor-sharp teeth. [Vine Stalker
                  | growth]
  4114 | D:5      | Reached XP level 8. HP: 39/40 MP: 9/9
  4275 | D:5      | Found a transporter.
  4308 | D:6      | Reached skill level 7 in Short Blades
  4314 | D:6      | Found a staircase to the Ecumenical Temple.
  4325 | D:6      | Reached skill level 2 in Dodging
  4330 | Temple   | Entered the Ecumenical Temple
  4347 | D:6      | Found Uzacuxt's Assorted Antiques.
  4371 | D:6      | Found a glowing drain.
  4379 | Sewer    | Entered a sewer
  4433 | Sewer    | Noticed Pargi
  4440 | Sewer    | Killed Pargi
  4526 | D:6      | Bought a scroll of identify for 54 gold pieces
  4526 | D:6      | Bought a scroll of identify for 54 gold pieces
  4527 | D:6      | Identified 2 potions of experience
  4528 | D:6      | Reached skill level 7 in Fighting
  4528 | D:6      | Reached skill level 9 in Short Blades
  4528 | D:6      | Reached skill level 7 in Stealth
  4528 | D:6      | Reached skill level 7 in Shields
  4528 | D:6      | Reached XP level 9. HP: 50/50 MP: 10/10
  4529 | D:6      | Reached skill level 8 in Fighting
  4529 | D:6      | Reached skill level 4 in Dodging
  4529 | D:6      | Reached skill level 9 in Stealth
  4529 | D:6      | Reached XP level 10. HP: 57/57 MP: 11/11
  4550 | D:6      | Acquired a manual of Fighting
  4615 | D:6      | Reached skill level 5 in Dodging
  4617 | D:6      | Noticed Menkaure
  4631 | D:6      | Killed Menkaure
  4848 | D:6      | Found a shimmering altar of Xom.
  5134 | D:6      | Found an ancient bone altar of Kikubaaqudgha.
  5183 | D:6      | Reached skill level 10 in Stealth
  5305 | D:7      | Identified the +8 falchion "Death Rattle" {elec, rN+}
  5412 | D:7      | Found a white marble altar of Elyvilon.
  5878 | D:7      | Found a runed translucent gate.
  5878 | D:7      | Found a runed translucent gate.
  5880 | D:7      | Found a runed translucent gate.
  5887 | D:7      | Found a runed translucent door.
  5936 | D:7      | Found a runed translucent door.
  5944 | D:7      | Found the +9 staff of Olgreb {rPois∞}
  6251 | D:8      | Reached skill level 9 in Fighting
  6261 | D:8      | Reached XP level 11. HP: 28/62 MP: 6/12
  6322 | D:8      | You pick up a book of Air and begin reading...
  6322 | D:8      | You add the spells Shock, Swiftness and Airstrike to your
                  | library.
  6613 | D:6      | Reached skill level 10 in Short Blades
  6884 | D:8      | Found a glowing silver altar of Zin.
  6949 | D:8      | Noticed Maggie
  6976 | D:8      | Killed Maggie
  7045 | D:8      | Noticed a two-headed ogre
  7056 | D:8      | Killed a two-headed ogre
  7214 | D:8      | Reached skill level 11 in Stealth
  7264 | D:8      | Found a burning altar of Makhleb.
  7273 | D:8      | Found an ornate altar of the Wu Jian Council.
  7276 | D:8      | Became a worshipper of the Wu Jian Council
  7388 | D:8      | Found the +7 staff of the Meek {protect, meekguard}
  7450 | D:8      | You pick up a book of Ice and begin reading...
  7450 | D:8      | You add the spells Simulacrum, Ozocubu's Refrigeration and
                  | Polar Vortex to your library.
  7491 | D:8      | You pick up a book of Air and begin reading...
  7660 | D:9      | Reached skill level 10 in Fighting
  7661 | D:9      | Found Vuobidd's Mass Market.
  7719 | D:9      | Found a shimmering blue altar of Sif Muna.
  7769 | D:9      | Reached skill level 6 in Dodging
  8048 | D:9      | Noticed a centaur warrior
  8053 | D:9      | Killed a centaur warrior
  8182 | D:9      | You pick up a book of Minor Magic and begin reading...
  8182 | D:9      | You add the spells Magic Dart, Call Imp and Mephitic Cloud
                  | to your library.
  8463 | D:10     | Entered Level 10 of the Dungeon
  8486 | D:9      | Reached * piety under Wu Jian
  8625 | D:10     | Reached skill level 11 in Fighting
  8625 | D:10     | Reached skill level 12 in Stealth
  8625 | D:10     | Reached XP level 12. HP: 43/70 MP: 13/13
  9312 | D:10     | Noticed Sonja
  9317 | D:10     | Killed Sonja
  9511 | D:11     | Identified a +2 robe of the Archmagi
  9511 | D:11     | Noticed Josephine
  9533 | D:11     | HP: 15/64 [Josephine/+1 dagger of flaming (2)]
  9535 | D:11     | HP: 4/64 [Josephine/+1 dagger of flaming (4)]
  9536 | D:11     | HP: 1/64 [Josephine/+1 dagger of flaming (1)]
  9536 | D:11     | Mangled by Josephine

Vanquished Creatures
  A centaur warrior (D:9)
  A two-headed ogre (D:8)
  Sonja (D:10)
  Maggie (D:8)
  A komodo dragon (D:10)
  3 trolls
  5 slime creatures
  A wyvern (D:7)
  19 yaks
  3 wraiths
  A steam dragon (D:9)
  Menkaure (D:6)
  An acid dragon (D:7)
  Pargi (Sewer)
  5 orc warriors
  3 black bears
  A sky beast (D:8)
  An ice beast (D:6)
  2 centaurs
  3 ogres
  2 phantoms
  A kobold brigand (D:9)
  2 bullfrogs
  4 scorpions
  3 killer bees (D:10)
  A jelly (D:8)
  3 howler monkeys (D:9)
  5 orc priests
  4 hounds
  4 sleepcaps
  7 iguanas
  6 orc wizards
  10 adders
  2 shadow imps
  2 ufetubi
  A worm (D:2)
  4 dart slugs
  17 orcs
  4 ball pythons
  6 endoplasms
  4 giant cockroaches
  5 goblins
  5 hobgoblins
  4 jackals (D:1)
  5 quokkas
  A bat (D:2)
  7 frilled lizards
  12 kobolds
  3 rats
189 creatures vanquished.

Vanquished Creatures (others)
  6 fungi (D:3)
  6 plants
12 creatures vanquished.

Grand Total: 201 creatures vanquished

Table legend:
 A = Non-vault XP
 B = Vault XP
 C = Vault XP percentage of total XP
 D = Non-vault monster count
 E = Vault monster count
 F = Vault count percentage of total count
                 A         B        C        D         E       F
            +---------+---------+-------+---------+---------+-------
      Total |   11135 |    3964 |  26.3 |     161 |      28 |  14.8
            +---------+---------+-------+---------+---------+-------
        D:1 |      31 |       0 |   0.0 |      15 |       0 |   0.0
        D:2 |      55 |       0 |   0.0 |      17 |       0 |   0.0
        D:3 |      69 |       0 |   0.0 |      21 |       0 |   0.0
        D:4 |     437 |       0 |   0.0 |      14 |       0 |   0.0
        D:5 |     698 |       0 |   0.0 |      16 |       0 |   0.0
        D:6 |     950 |     335 |  26.1 |      16 |       6 |  27.3
        D:7 |    1422 |     402 |  22.0 |      18 |       3 |  14.3
        D:8 |    2336 |     724 |  23.7 |      10 |       7 |  41.2
        D:9 |    3098 |    1137 |  26.8 |      23 |       2 |   8.0
       D:10 |    2039 |     788 |  27.9 |      11 |       1 |   8.3
       D:11 |       0 |     431 | 100.0 |       0 |       2 | 100.0
      Sewer |       0 |     147 | 100.0 |       0 |       7 | 100.0
            +---------+---------+-------+---------+---------+-------

Skill      XL: |  1  2  3  4  5  6  7  8  9 10 11 |
---------------+----------------------------------+-----
Short Blades   | 2 3 4 5 6 9 10 | 10.0
Stealth        | 1 3 7 9 10 12 | 12.3
Fighting       | 3 7 8 9 11 | 11.3
Dodging        | 1 2 4 5 6 |  6.9
Shields        | 3 7 |  7.1
Armour         | |  2.4

Action                     |  1- 3 |  4- 6 |  7- 9 | 10-12 || total
---------------------------+-------+-------+-------+-------++-------
  Melee: Rapier            |   105 |    49 |       |       ||   154
         Bite              |    27 |    42 |    32 |   173 ||   274
         Dagger            |       |   101 |   112 |   442 ||   655
  Throw: Dart              |       |     4 |     7 |       ||    11
         Stone             |       |       |    19 |     2 ||    21
Ability: Lunge             |       |       |       |    16 ||    16
         Whirlwind         |       |       |       |     2 ||     2
  Evoke: Wand              |       |       |     2 |       ||     2
    Use: Scroll            |       |    17 |     4 |     9 ||    30
         Potion            |       |       |     3 |     2 ||     5
   Stab: Sleeping          |       |       |       |    12 ||    12
         Distracted        |       |       |       |     1 ||     1
 Armour: Scale mail        |    38 |    43 |    30 |    34 ||   145
         Troll leather arm |       |       |       |     4 ||     4
  Dodge: Dodged            |    53 |    46 |    41 |   135 ||   275
  Block: Buckler           |    14 |    27 |    13 |    87 ||   141

Illustrated notes

Table legend:
 A = Kills in this place as a percentage of kills in the entire game.
 B = Kills by you in this place as a percentage of kills by you in the entire game.
 C = Kills by friends in this place as a percentage of kills by friends in the entire game.
 D = Other kills in this place as a percentage of other kills in the entire game.
 E = Experience gained in this place as a percentage of experience gained in the entire game.
 F = Experience gained in this place divided by the number of levels of this place that you have seen.
                   A       B       C       D       E      F
               +-------+-------+-------+-------+-------+----------------------
         Total | 100.0 | 100.0 |   N/A |   N/A | 100.0 | 1161.5
       Dungeon |  96.3 |  96.3 |   N/A |   N/A |  99.0 | 1359.3
         Sewer |   3.7 |   3.7 |   N/A |   N/A |   1.0 | 147.0
               +-------+-------+-------+-------+-------+----------------------

Table legend: (Time is in decaauts)
 A = Elapsed time spent in this place.
 B = Non-inter-level travel time spent in this place.
 C = Inter-level travel time spent in this place.
 D = Time resting spent in this place.
 E = Time spent auto-exploring this place.
 F = Levels seen in this place.
 G = Mean time per level.
                   A        B        C        D        E       F      G
               +--------+--------+--------+--------+--------+-----+--------+
         Total |   9369 |   9130 |    239 |    199 |   7357 |  13 |  720.7 |
       Dungeon |   9193 |   8954 |    239 |    199 |   7222 |  11 |  835.7 |
        Temple |      1 |      1 |      0 |      0 |      0 |   1 |    1.0 |
         Sewer |    173 |    173 |      0 |      0 |    134 |   1 |  173.0 |
               +--------+--------+--------+--------+--------+-----+--------+

Top non-repeatable levels by time:
     D:7: 1144 daAuts
     D:8: 1048 daAuts
     D:3: 1047 daAuts
     D:5: 968 daAuts
    D:10: 924 daAuts
     D:6: 915 daAuts
     D:1: 893 daAuts
     D:9: 847 daAuts
     D:2: 764 daAuts
     D:4: 580 daAuts
   Sewer: 173 daAuts
    D:11: 57 daAuts
  Temple: 1 daAuts
